 Dungeon Crawl Stone Soup version 0.30-a0-585-g93115170b9 (webtiles) character file.

Game seed: 11906976695015460555

120353 PyroL the Alchemist (level 16, -7/152 HPs)
             Began as an Octopode Transmuter on Jan 1, 2023.
             Was an Initiate of Gozag.
             Mangled by Donald
             ... wielding a +4 demon trident of electrocution
              (20 damage)
             ... on level 1 of the Shoals.
             The game lasted 01:09:13 (29753 turns).

PyroL the Alchemist (Octopode Transmuter)          Turns: 29753, Time: 01:09:14

Health: -7/152     AC: 32    Str: 27    XL:     16   Next: 82%
Magic:  0/22       EV: 17    Int: 24    God:    Gozag
Gold:   4744       SH:  5    Dex:  8    Spells: 2/23 levels left

rFire   . . .      SeeInvis +      - Unarmed
rCold   + + .      Faith    .    Y - +0 kite shield {AC+3}
rNeg    + + +      Spirit   +    N - +2 hat "Teniang" {+Inv Will+ Dex-4}
rPois   ∞          Reflect  .    T - amulet "Voneadut" {Spirit rC+ rN+ Slay+3}
rElec   +          Harm     .    j - ring of positive energy
rCorr   +          Rampage  .    q - ring of see invisible
Will    +++..                    i - ring of protection from cold
Stlth   +++                      B - +6 ring of strength
HPRegen 0.45/turn                x - ring of Lauv Qeo {rC- rCorr EV+5 Int+2 Slay+3}
MPRegen 0.18/turn                I - +6 ring of strength
                                 P - ring of willpower
                                 S - ring of Skepticism {rPois rC+ Str+4}

@: about to teleport, statue-form, very slow
A: slow and powerful, torment resistance 1, boosted hp, almost no armour,
amphibious, 8 rings, camouflage 1, (gelatinous body 1), nimble swimmer 1,
tentacles
a: End Transformation, Renounce Religion, Evoke Invisibility, Potion Petition,
Call Merchant, Bribe Branch


You were on level 1 of the Shoals.
You worshipped Gozag.
Gozag was most pleased with you.
You were a living statue of rough stone.
You visited 6 branches of the dungeon, and saw 25 of its levels.
You also visited: Ossuary.

You collected 8721 gold pieces.
You spent 1788 gold pieces at shops.
You paid 2189 gold pieces to Gozag.

Inventory:

Missiles
 d - 2 throwing nets
 m - 4 atropa-tipped darts
 z - 5 boomerangs of dispersal
 F - 6 silver boomerangs
 R - 7 curare-tipped darts
Armour
 N - the +2 hat "Teniang" (worn) {+Inv Will+ Dex-4}
   (You acquired it on level 2 of the Orcish Mines)

   Dex:       It affects your dexterity (-4).
   +Inv:      It lets you turn invisible.
   Will:      It increases your willpower.
 Y - a +0 kite shield of protection (worn)
Jewellery
 i - a ring of protection from cold (on tentacle)
 j - a ring of positive energy (left tentacle)
 q - a ring of see invisible (right tentacle)
 x - the ring of Lauv Qeo (on tentacle) {rC- rCorr EV+5 Int+2 Slay+3}
   (You found it on level 10 of the Dungeon)

   [ring of evasion]

   EV:        It affects your evasion (+5).
   Int:       It affects your intelligence (+2).
   Slay:      It affects your accuracy & damage with ranged weapons and melee
   (+3).
   rC:        It makes you vulnerable to cold.
   rCorr:     It protects you from acid and corrosion.
 B - a +6 ring of strength (on tentacle)
 I - a +6 ring of strength (on tentacle)
 P - a ring of willpower (on tentacle)
 S - the ring of Skepticism (on tentacle) {rPois rC+ Str+4}
   (You bought it in a shop on level 5 of the Lair of Beasts)

   [ring of protection from cold]

   Str:       It affects your strength (+4).
   rC:        It protects you from cold.
   rPois:     It protects you from poison.
 T - the amulet "Voneadut" (around mantle) {Spirit rC+ rN+ Slay+3}
   (You found it on level 12 of the Dungeon)

   [amulet of guardian spirit]

   It causes incoming damage to be divided between your reserves of health and
   magic.
   Slay:      It affects your accuracy & damage with ranged weapons and melee
   (+3).
   rC:        It protects you from cold.
   rN:        It protects you from negative energy.
 V - a ring of protection from cold
Wands
 f - a wand of mindburst (5)
 o - a wand of polymorph (18)
 D - a wand of digging (7)
 H - a wand of iceblast (6)
 J - a wand of flame (11)
 Q - a wand of paralysis (10)
Scrolls
 b - 14 scrolls of teleportation
 g - 3 scrolls of fear
 k - 3 scrolls of poison
 l - 4 scrolls of fog
 n - a scroll of butterflies
 u - 6 scrolls of vulnerability
 y - a scroll of brand weapon
 A - 3 scrolls of enchant armour
 G - 2 scrolls of enchant weapon
 K - a scroll of magic mapping
 L - a scroll of amnesia
 U - a scroll of silence
 W - 2 scrolls of identify
 Z - 2 scrolls of blinking
Potions
 a - 5 potions of lignification
 c - 18 potions of curing
 e - 6 potions of mutation
 h - 3 potions of magic
 p - 3 potions of brilliance
 r - 7 potions of flight
 s - 4 potions of haste
 t - 6 potions of heal wounds
 v - 4 potions of attraction
 C - a potion of resistance
 M - 2 potions of berserk rage
 O - 4 potions of cancellation
 X - a potion of ambrosia
Miscellaneous
 E - a box of beasts


   Skills:
 - Level 13.0 Fighting
 - Level 10.0 Dodging
 + Level 11.3 Unarmed Combat
 + Level 4.4 Spellcasting
 - Level 6.0 Conjurations
 - Level 15.0 Transmutations
 - Level 5.0 Ice Magic
 - Level 12.5 Earth Magic
 - Level 3.0 Poison Magic
 - Level 10.0 Evocations


You had 2 spell levels left.
You knew the following spells:

 Your Spells              Type           Power      Damage    Failure   Level
a - Beastly Appendage     Tmut           100%       N/A       1%          1
b - Wereblood             Tmut           67%        N/A       1%          2
c - Spider Form           Tmut/Pois      48%        N/A       2%          3
d - Ice Form              Ice/Tmut       52%        N/A       5%          4
e - Statue Form           Tmut/Erth      42%        N/A       19%         6
f - Irradiate             Conj/Tmut      27%        3d20      13%         5

Your spell library contained the following spells:

 Spells                   Type           Power      Damage    Failure   Level
 Static Discharge         Conj/Air       38%        2-4/arc   16%         2
 Blink                    Tloc           10%        N/A       45%         2
 Sublimation of Blood     Necr           5%         N/A       45%         2
 Petrify                  Tmut/Erth      64%        N/A       1%          4
 Lee's Rapid Deconstruct  Erth           30%        3d16*     5%          5
 Ozocubu's Armour         Ice            29%        N/A       13%         3
 Leda's Liquefaction      Hex/Erth       17%        N/A       26%         4
 Dazzling Flash           Conj/Hex       38%        N/A       30%         3
 Borgnjor's Vile Clutch   Necr/Erth      17%        N/A       58%         5
 Call Canine Familiar     Summ           5%         N/A       71%         3
 Inner Flame              Hex/Fire       5%         N/A       71%         3
 Portal Projectile        Hex/Tloc       10%        N/A       71%         3
 Vhi's Electric Charge    Tloc/Air       10%        N/A       71%         3
 Freezing Cloud           Conj/Ice/Air   11%        6-21      91%         5
 Arcjolt                  Conj/Air       9%         1d19      95%         5
 Lightning Bolt           Conj/Air       9%         1d22      95%         5
 Airstrike                Air            2%         2d(1-17)  98%         4
 Cause Fear               Hex            2%         N/A       98%         4
 Manifold Assault         Tloc           5%         N/A       98%         4
 Summon Lightning Spire   Summ/Air       5%         N/A       98%         4
 Metabolic Englaciation   Hex/Ice        8%         N/A       98%         5
 Agony                    Necr           5%         N/A       100%        5
 Silence                  Hex/Air        2%         N/A       100%        5
 Death Channel            Necr           2%         N/A       100%        6
 Ozocubu's Refrigeration  Ice            14%        4d10      100%        7
 Storm Form               Tmut/Air       20%        N/A       100%        7
 Discord                  Hex            2%         N/A       100%        8
 Polar Vortex             Ice            14%        N/A       100%        9
 Animate Dead             Necr           Unusable   N/A       N/A         4
 Simulacrum               Ice/Necr       Unusable   N/A       N/A         6

Dungeon Overview and Level Annotations

Branches:
Dungeon (15/15)            Temple (1/1) D:4            Lair (5/5) D:10
 Shoals (1/4) Lair:2        Snake (0/4) Lair:3        Slime (0/5) Lair:4
    Orc (2/2) D:9             Elf (1/3) Orc:2        Vaults (0/5) D:14
 Depths (0/4) D:15        Ossuary (visited)

Altars:
Ashenzari
Cheibriados
Dithmenos
Elyvilon
Fedhas
Gozag
Hepliaklqana
Kikubaaqudgha
Makhleb
Nemelex Xobeh
Okawaru
Qazlal
Ru
Sif Muna
Trog
Uskayaw
Vehumet
Wu Jian
Xom
Yredelemnul
Zin
The Shining One
Jiyva

Shops:
D:1 *   D:7 *   Orc:1 *:*   Orc:2 [?![[(   Lair:5 [=   Shoals:1 (

Annotations:
D:6 1 runed translucent door, experimilk's ghost, novice DrCj
Shoals:1 2 transporters, Donald; Pokonic1's ghost, journeyman HOFi; Roxanne


Innate Abilities, Weirdness & Mutations

You are a living statue of rough stone.
Your actions are slow, but your melee attacks are powerful.
You are resistant to unholy torment.
Your maximum health is greatly increased.
You are immune to poison.
You cannot wear most types of armour.
You are amphibious.
You can wear up to eight rings at the same time.
Your skin changes colour to match your surroundings (Stealth+).
((Your rubbery body absorbs attacks. (AC +1, EV +1)))
You are camouflaged when in or above water. (Stealth+)
You have tentacles for arms and can constrict up to eight enemies at once.


Message History

Donald says, "A turtle bit me.
I hate turtles."
Donald hits you but does no damage.
Donald hits you from afar with a +4 demon trident of electrocution!
Donald gestures wildly while chanting.
Donald seems to grow stronger.
Donald hits you with a +4 demon trident of electrocution!!
The merfolk barely misses you.
Donald hits you with a +4 demon trident of electrocution.
The merfolk misses you.
Donald says, "I wish these tides would just make up their mind.
In and out, in and out..."
Donald hits you but does no damage.
Donald blocks your attack. x3; Donald completely misses you.
The merfolk hits you from afar with a +0 trident.
Donald hits you with a +4 demon trident of electrocution!!!
The merfolk hits you from afar with a +0 trident!
* * * LOW HITPOINT WARNING * * *
Your unstable footing causes you to fumble your attack.
Donald hits you but does no damage. Donald completely misses you.
The merfolk hits you but does no damage.
Donald hits you with a +4 demon trident of electrocution!!
* * * LOW HITPOINT WARNING * * *
Your unstable footing causes you to fumble your attack.
You block the merfolk's attack.
Donald hits you with a +4 demon trident of electrocution!!
* * * LOW HITPOINT WARNING * * *
The merfolk hits you from afar with a +0 trident!
* * * LOW HITPOINT WARNING * * *
Donald closely misses you.
As you read the scroll of teleportation, it crumbles to dust.
You feel strangely unstable. You block Donald's attack.
The merfolk hits you but does no damage.
Donald hits you with a +4 demon trident of electrocution.
* * * LOW HITPOINT WARNING * * *
Donald hits you but does no damage. You block Donald's attack.
The merfolk hits you from afar with a +0 trident!
* * * LOW HITPOINT WARNING * * *
Donald misses you. You block the merfolk's attack.
Donald hits you from afar with a +4 demon trident of electrocution!!
You die...
Your body crumbles into a pile of gold.

$~~~~~~~.. ~~ ~~ ~~~~~~...
.~~~~ ~~~ .~~~~...# .~~~~~
~~~~ .~~~....###.~~~~≈≈
~~~. #......~...~~≈≈≈≈≈≈
~... ##.......~~..~~≈≈≈≈≈≈
... ##[...©...@m~~~~~~≈≈≈≈≈
.###.... ####.~~~~~~~~≈≈≈≈≈
.##...###.©.###~8~~$~~~≈≈≈≈
.##..# ....#m###~~~~~~~≈≈≈≈
.....#....# #..#~~~~~~≈≈≈≈≈
....##....# #..##.~=~~≈≈≈≈≈
....#....$..#.mW#..~~~~≈≈≈≈
.#..#..##._...mm#?.~~~~≈≈≈≈
.#..#(##≈m..###y#~.~~~≈≈≈≈≈
.#..##.##m.#≈#.##~.~~~~≈≈≈≈
.....##.#.m.####..~.~~~≈≈≈≈


You could see Donald (fast, strong, reflecting) and a merfolk.

Vanquished Creatures
  Jorgrun (D:15)
  Kirke (D:12)
  Agnes (D:15)
  Nessos (D:13)
  A merfolk impaler (Shoals:1)
  A fire dragon (Lair:5)
  A merfolk javelineer (Shoals:1)
  A great orb of eyes (D:15)
  Erolcha (D:13)
  2 rakshasas
  An ogre mage (D:14)
  8 hydras
  A merfolk avatar (Shoals:1)
  5 catoblepae
  3 dancing weapons
  7 two-headed ogres
  7 centaur warriors
  4 boulder beetles
  A tengu warrior (D:13)
  3 orc high priests (Orc:2)
  4 skeletal warriors (D:14)
  A sea snake (Shoals:1)
  3 lindwurms
  Pikel (D:5)
  A harpy (shapeshifter) (D:14)
  2 deep elf zephyrmancers
  8 deep elf pyromancers
  5 orc sorcerers (Orc:2)
  8 orc knights (Orc:2)
  8 ugly things
  A wolf spider (D:15)
  7 cyclopes
  11 manticores
  A faun (Shoals:1)
  3 merfolk sirens
  12 elephants
  12 black mambas
  3 molten gargoyles (Lair:5)
  Maggie (D:6)
  2 torpor snails
  2 gargoyles
  Psyche (D:11)
  7 cane toads
  6 kobold demonologists
  9 yaktaurs
  2 unseen horrors (D:12)
  9 rime drakes
  An efreet (D:15)
  A freezing wraith (D:14)
  2 tengu conjurers (D:15)
  10 komodo dragons
  7 trolls
  3 polar bears
  6 merfolk
  3 meliai (D:14)
  2 wind drakes (Shoals:1)
  15 blink frogs
  9 dream sheep
  A wolf spider simulacrum (D:14)
  A snapping turtle (Shoals:1)
  8 slime creatures
  An air elemental (Elf:1)
  A shadow (D:9)
  A spriggan (shapeshifter) (D:15)
  2 vampires (D:14)
  3 wraiths
  Eustachio (D:6)
  9 basilisks
  11 wyverns
  80 yaks
  A hog (D:12)
  A redback (shapeshifter) (D:15)
  3 vampire mosquitoes (D:13)
  3 steam dragons
  3 wargs
  2 acid dragons
  4 hell hounds (Lair:5)
  3 nagas (Lair:3)
  15 water moccasins
  18 orc warriors
  4 ice beasts
  3 sky beasts
  6 black bears
  8 ogres
  3 wolves (D:10)
  13 centaurs
  A phantom (D:5)
  2 lemures (D:4)
  4 kobold brigands
  9 bullfrogs
  A gnoll sergeant (Orc:2)
  6 scorpions
  5 water moccasin zombies (Ossuary)
  8 wights
  6 killer bees (D:8)
  4 electric eels
  2 howler monkeys
  5 lava snakes (Lair:5)
  A jelly (D:6)
  2 hounds
  19 orc priests
  3 iguanas
  31 orc wizards
  2 mummies (Ossuary)
  14 gnolls
  9 adders
  3 white imps
  An ufetubus (D:4)
  2 adder zombies (Ossuary)
  2 worms (D:2)
  3 dart slugs (D:4)
  73 orcs
  7 ball pythons
  7 endoplasms
  3 giant cockroaches (D:1)
  5 goblins
  3 hobgoblins
  4 jackals
  40 kobolds
  4 quokkas
  9 bats
  A frilled lizard (D:1)
  4 gnoll zombies (Ossuary)
  6 hobgoblin zombies (Ossuary)
  11 kobold zombies (Ossuary)
  5 orc zombies (Ossuary)
  5 rats
781 creatures vanquished.

Vanquished Creatures (others)
  An angel (D:7)
  A deep elf knight (D:14)
  A lindwurm (Lair:1)
  3 humans (D:12)
  An orc priest (Orc:2)
  15 fungi
  19 plants
  9 toadstools (Lair:1)
50 creatures vanquished.

Grand Total: 831 creatures vanquished

Notes
Turn   | Place    | Note
-------+----------+-------------------------------------------
     0 | D:1      | PyroL the Octopode Transmuter began the quest for the Orb.
     0 | D:1      | Reached XP level 1. HP: 13/13 MP: 3/3
   172 | D:1      | Reached skill level 1 in Poison Magic
   252 | D:1      | Reached XP level 2. HP: 11/18 MP: 1/5
   259 | D:1      | Found Wuroxes's General Store.
   604 | D:1      | Reached XP level 3. HP: 18/23 MP: 6/6
  1025 | D:2      | Reached skill level 3 in Transmutations
  1603 | D:2      | Reached XP level 4. HP: 16/28 MP: 5/7
  2344 | D:3      | Found a burning altar of Makhleb.
  2414 | D:3      | Reached XP level 5. HP: 33/33 MP: 6/8
  2738 | D:3      | Found a faded altar of an unknown god.
  2934 | D:3      | Found an ornate altar of the Wu Jian Council.
  3207 | D:4      | Reached skill level 4 in Transmutations
  3210 | D:4      | Learned a level 2 spell: Wereblood
  3214 | D:4      | Learned a level 3 spell: Spider Form
  3251 | D:4      | Reached XP level 6. HP: 38/38 MP: 3/9
  3273 | D:4      | Found a white marble altar of Elyvilon.
  3300 | D:4      | Found a sand-covered staircase.
  3305 | Ossuary  | Entered an ossuary
  3355 | Ossuary  | Reached skill level 5 in Transmutations
  3378 | Ossuary  | Reached skill level 5 in Unarmed Combat
  3418 | Ossuary  | Reached XP level 7. HP: 43/43 MP: 5/10
  3506 | Ossuary  | HP: 1/43 [water moccasin zombie (6)]
  3509 | Ossuary  | Reached skill level 6 in Transmutations
  3874 | D:4      | Found a staircase to the Ecumenical Temple.
  3883 | Temple   | Entered the Ecumenical Temple
  3915 | D:4      | Reached skill level 7 in Transmutations
  4386 | D:4      | Reached XP level 8. HP: 48/48 MP: 3/11
  4713 | D:5      | Entered Level 5 of the Dungeon
  4714 | D:5      | Noticed Pikel
  4824 | D:5      | Killed Pikel
  5175 | D:5      | Reached skill level 5 in Fighting
  5251 | D:5      | Reached XP level 9. HP: 46/61 MP: 8/12
  5282 | D:5      | Reached skill level 1 in Ice Magic
  5542 | D:5      | Found a radiant altar of Vehumet.
  5793 | D:6      | Noticed Eustachio
  5809 | D:6      | Killed Eustachio
  5822 | D:6      | Noticed Maggie
  5850 | D:6      | Killed Maggie
  6315 | D:6      | Found an iron altar of Okawaru.
  7004 | D:6      | Found a faded altar of an unknown god.
  7004 | D:6      | Found a stormy altar of Qazlal.
  7028 | D:6      | Found a basalt altar of Yredelemnul.
  7031 | D:6      | Found a faded altar of an unknown god.
  7032 | D:6      | Found a hide-covered altar of Uskayaw.
  7091 | D:6      | Reached skill level 5 in Ice Magic
  7264 | D:6      | Found a runed translucent door.
  7264 | D:6      | Noticed experimilk's ghost (novice DrCj)
  7520 | D:6      | Learned a level 4 spell: Ice Form
  8036 | D:7      | Reached XP level 10. HP: 68/68 MP: 8/13
  8150 | D:7      | Found Jaciof's Overcharged Wands.
  8165 | D:7      | Reached skill level 8 in Transmutations
  8200 | D:7      | Reached skill level 5 in Dodging
  8231 | D:7      | Found an ancient bone altar of Kikubaaqudgha.
  8327 | D:7      | Found a sparkling altar of Nemelex Xobeh.
  8353 | D:7      | Found an opulent altar of Gozag.
  8359 | D:7      | Became a worshipper of Gozag Ym Sagoz the Greedy
  8387 | D:7      | Found a shimmering altar of Xom.
  8387 | D:7      | Noticed an angel
  8391 | D:7      | Found a glowing silver altar of Zin.
  8518 | D:7      | Killed an angel
 10095 | D:9      | Found a shadowy altar of Dithmenos.
 10292 | D:9      | Reached skill level 9 in Transmutations
 10439 | D:9      | Reached XP level 11. HP: 68/78 MP: 11/14
 10749 | D:9      | Found a hazy altar of Hepliaklqana.
 11216 | D:9      | Found a staircase to the Orcish Mines.
 11339 | D:9      | Found a glowing golden altar of the Shining One.
 11605 | D:10     | Entered Level 10 of the Dungeon
 11772 | D:10     | Identified the ring of Lauv Qeo {rC- rCorr EV+5 Int+2
                  | Slay+3}
 12124 | D:10     | Found a staircase to the Lair.
 12160 | D:10     | Reached skill level 10 in Fighting
 12169 | D:10     | Reached skill level 1 in Evocations
 12231 | D:10     | Identified the +1 leather armour "Duicw" {-Cast Will++
                  | Slay+5}
 12753 | D:11     | Reached skill level 1 in Earth Magic
 12759 | D:11     | Noticed Psyche
 12766 | D:11     | Killed Psyche
 12783 | D:11     | Noticed a cyclops
 12793 | D:11     | Killed a cyclops
 12897 | D:11     | Noticed a two-headed ogre
 12900 | D:11     | Noticed a two-headed ogre
 12909 | D:11     | Killed a two-headed ogre
 12917 | D:11     | Killed a two-headed ogre
 12953 | D:11     | Noticed a two-headed ogre
 13164 | D:11     | Killed a two-headed ogre
 13165 | D:11     | Reached XP level 12. HP: 39/87 MP: 14/18
 13366 | D:11     | Reached skill level 5 in Earth Magic
 13376 | D:11     | Reached skill level 10 in Transmutations
 13530 | D:11     | Identified the +0 pair of gloves of Hedge Wizardry {Dex+4}
 14125 | D:12     | Noticed Kirke
 14344 | D:12     | Killed Kirke
 14491 | D:12     | Noticed a rakshasa
 14757 | D:12     | Reached skill level 11 in Transmutations
 14872 | Lair:1   | Entered Level 1 of the Lair of Beasts
 15309 | Lair:1   | Reached XP level 13. HP: 71/92 MP: 16/19
 15325 | Lair:1   | Reached skill level 10 in Earth Magic
 15771 | Lair:1   | Found a runed translucent door.
 15824 | Lair:1   | Learned a level 6 spell: Statue Form
 16811 | Lair:2   | Found a staircase to the Shoals.
 16884 | Lair:2   | Reached skill level 12 in Transmutations
 17916 | Lair:3   | Found a staircase to the Snake Pit.
 19407 | Lair:4   | Reached skill level 13 in Transmutations
 19407 | Lair:4   | Reached XP level 14. HP: 99/99 MP: 12/20
 20074 | Lair:4   | Found a viscous altar of Jiyva.
 20074 | Lair:4   | Found a staircase to the Slime Pits.
 20260 | Lair:5   | Entered Level 5 of the Lair of Beasts
 20685 | Lair:5   | Reached skill level 14 in Transmutations
 20986 | Lair:5   | Reached skill level 10 in Unarmed Combat
 21823 | Lair:5   | Found a large runed translucent door.
 21945 | Lair:5   | Found a large runed translucent door.
 22071 | Lair:5   | Reached XP level 15. HP: 90/103 MP: 9/21
 22211 | Lair:5   | Bought the ring of Skepticism {rPois rC+ Str+4} for 713
                  | gold pieces
 22371 | D:12     | Reached skill level 15 in Transmutations
 22443 | D:12     | Identified the amulet "Voneadut" {Spirit rC+ rN+ Slay+3}
 22986 | D:13     | Noticed Erolcha
 22995 | D:13     | Killed Erolcha
 23173 | D:13     | Noticed Nessos
 23182 | D:13     | Killed Nessos
 23271 | D:13     | Found a sacrificial altar of Ru.
 23296 | D:13     | Reached skill level 5 in Evocations
 24797 | D:14     | Found a gate to the Vaults.
 25237 | D:15     | Entered Level 15 of the Dungeon
 25296 | D:15     | Noticed Jorgrun
 25302 | D:15     | Killed Jorgrun
 25303 | D:15     | Reached skill level 10 in Dodging
 25303 | D:15     | Reached XP level 16. HP: 108/114 MP: 15/22
 25678 | D:15     | Noticed Agnes
 25684 | D:15     | Killed Agnes
 26143 | D:15     | Reached skill level 1 in Conjurations
 26229 | D:15     | Found a staircase to the Depths.
 26560 | D:15     | Found a shimmering altar of Xom.
 26830 | D:15     | Learned a level 5 spell: Irradiate
 26991 | Orc:1    | Entered Level 1 of the Orcish Mines
 27038 | Orc:1    | Found Deguunwawnu's General Store.
 27252 | Orc:2    | Entered Level 2 of the Orcish Mines
 27501 | Orc:2    | Found Jadomunk's Distillery.
 27689 | Orc:2    | Found Qoluuf's Armour Boutique.
 27693 | Orc:2    | Bought 2 potions of heal wounds for 130 gold pieces
 27693 | Orc:2    | Bought a potion of ambrosia for 104 gold pieces
 27693 | Orc:2    | Bought a potion of berserk rage for 65 gold pieces
 27695 | Orc:2    | Found Ceimyso's Weapon Boutique.
 27719 | Orc:2    | Found Obaest's Antique Armour Emporium.
 27852 | Orc:2    | Found Uvedghyt's Antique Armour Boutique.
 27852 | Orc:2    | Found a staircase to the Elven Halls.
 28239 | Orc:1    | Found Bathan's Assorted Antiques.
 28267 | Orc:1    | Bought a runed kite shield for 210 gold pieces
 28283 | Orc:1    | Found Oron's Magic Scroll Boutique.
 28326 | Orc:1    | Found Vuodgh's Book Boutique.
 28536 | Orc:2    | Bought a scroll of teleportation for 63 gold pieces
 28536 | Orc:2    | Bought 3 scrolls of teleportation for 189 gold pieces
 28536 | Orc:2    | Bought a scroll of blinking for 157 gold pieces
 28536 | Orc:2    | Bought a scroll of blinking for 157 gold pieces
 28580 | Elf:1    | Entered Level 1 of the Elven Halls
 28592 | Orc:2    | Reached skill level 10 in Evocations
 28873 | Elf:1    | Reached skill level 5 in Conjurations
 28954 | Orc:2    | Identified a scroll of acquirement
 28954 | Orc:2    | Acquired the +2 hat "Teniang" {+Inv Will+ Dex-4}
 29159 | Shoals:1 | Entered Level 1 of the Shoals
 29215 | Shoals:1 | Identified Roxanne's Omnibus of Changing
 29215 | Shoals:1 | Noticed Roxanne
 29265 | Shoals:1 | Noticed Pokonic1's ghost (journeyman HOFi)
 29269 | Shoals:1 | Found a transporter.
 29301 | Shoals:1 | Found Ceipp's Weapon Shoppe.
 29595 | Shoals:1 | Found a bloodstained altar of Trog.
 29735 | Shoals:1 | Found a transporter.
 29742 | Shoals:1 | Noticed Donald
 29753 | Shoals:1 | Mangled by Donald

Illustrated notes

Levels and vault maps discovered:
D:1:      dpeg_arrival_pond, layout_loops_corners, serial_shops,
          nicolae_shop_waterfront
D:2:      layout_basic
D:3:      layout_loops_corners, lightli_temple_of_fire,
          nzn_wu_jian_contemplation, chequers_ecumenical_altar_island,
          hangedman_decor_points, minivault_23
D:4:      nicolae_BIG_FREAKIN_CUBE, layout_basic, lemuel_tele_altar,
          minmay_temple_entry_antechambers, enter_ossuary_5
D:5:      layout_basic, mainiacjoe_overflow_catwalk,
          hangedman_decor_peaks_small, uniq_pikel
D:6:      layout_layer_cave, okawaru_metal_pillars_1_2,
          chequers_temple_overflow_minitemple, gammafunk_ghost_grave,
          minmay_holes, serial_park_tiny_1, uniq_maggie, uniq_eustachio
D:7:      layout_loops_corners, grunt_temple_overflow_order_and_chaos_1,
          nicolae_gozag_cash_rules_everything_around_me, general_overflow_altar,
          kennysheep_mini_moat, nicolae_shop_overcharged_wands
D:8:      layout_rooms, eino_tiny_chamber, nicolae_nh_ransacked_shop
D:9:      layout_long_grid, mainiacjoe_overflow_six_doors_small,
          mainiacjoe_overflow_alcove_4, mainiacjoe_overflow_chevrons,
          david_orc_3
D:10:     minmay_goldmine, layout_irregular_city, hellmonk_lair_entry_icy,
          minmay_misc_feat_doors, roderic_roman_lattice
D:11:     layout_basic, uniq_psyche
D:12:     layout_rooms, nicolae_eternal_life, st_stairs_11, minmay_radiant,
          uniq_kirke
D:13:     nzn_motion_control, layout_loops_ring,
          nicolae_ru_sacrificial_ziggurat, uniq_nessos, uniq_erolcha
D:14:     layout_loops_ring, hangedman_vaults_entry_quadrant_bands,
          hangedman_abyss_or_decor_passed
D:15:     gammafunk_enter_depths_forms, layout_layer_cave, xom_teletrap_fun,
          uniq_agnes, uniq_jorgrun
Temple:   nicolae_temple_stand_before_the_council
Lair:1:   gammafunk_lair_enchanted_lake, layout_regular_city, minivault_27
Lair:2:   layout_chaotic_city, elwin_shoals_entry_rooms
Lair:3:   layout_loops_ring, guppyfry_snake_entry_island,
          infiniplex_staircase_pool_2, lemuel_fruit_tree
Lair:4:   layout_regular_city, dpeg_slime_entry_enclosed, serial_forest,
          infiniplex_forest_clump_diagonal, infiniplex_forest_lined_corner,
          infiniplex_forest_clump_long, infiniplex_forest_end_double,
          infiniplex_forest_lined_1, infiniplex_forest_lined_2,
          infiniplex_forest_clump_tiny, infiniplex_forest_lined_room_3,
          grunt_megastairs_4, serial_bayou_shore_a
Lair:5:   cheibrodos_lair_end_hotspot, layout_gridlike,
          pdpol_lair_cavern_descent
Shoals:1: layout_shoals, serial_shops, nicolae_shop_bloodbath_and_beyond,
          gammafunk_ghost_wrathful_warriors, uniq_roxanne, uniq_donald
Orc:1:    layout_caves, serial_shops, shop, shop_fountains, shop_fountains,
          nicolae_square_shop
Orc:2:    st_orc_elflike, layout_diamond_mine, serial_shops, nicolae_square_shop
Elf:1:    elf_arrival_002, layout_geoelf_octagon, minmay_elf_demonology,
          minivault_24

Skill      XL: |  1  2  3  4  5  6  7  8  9 10 11 12 13 14 15 16 |
---------------+-------------------------------------------------+-----
Poison Magic   | 1 2 3 |  3.0
Transmutations | 3 4 5 7 9 11 13 14 15 | 15.0
Unarmed Combat | 4 5 7 11 | 11.3
Fighting       | 5 6 8 10 11 13 | 13.0
Dodging        | 4 7 10 | 10.0
Ice Magic      | 5 |  5.0
Spellcasting   | 4 |  4.4
Evocations     | 1 3 7 10 | 10.0
Earth Magic    | 4 9 12 | 12.5
Conjurations   | 6 |  6.0

Action                   |  1- 3 |  4- 6 |  7- 9 | 10-12 | 13-15 | 16-18 || total
-------------------------+-------+-------+-------+-------+-------+-------++-------
Melee: Unarmed           |    93 |   124 |   351 |   477 |   673 |   244 ||  1962
       Kick              |    26 |    31 |     3 |       |       |       ||    60
       Tentacles         |    16 |    15 |     5 |     3 |   125 |    47 ||   211
       Constrict         |    25 |    23 |     7 |     1 |    53 |    55 ||   164
       Punch             |     5 |       |       |     2 |    42 |    18 ||    67
 Cast: Beastly Appendage |    27 |    24 |     4 |       |       |       ||    55
       Spider Form       |       |     3 |    30 |       |       |       ||    33
       Wereblood         |       |     3 |    17 |    22 |    23 |     4 ||    69
       Ice Form          |       |       |     4 |    52 |    28 |       ||    84
       Statue Form       |       |       |       |       |    53 |    32 ||    85
       Irradiate         |       |       |       |       |       |     2 ||     2
Invok: Call Merchant     |       |       |       |       |     2 |     1 ||     3
       Potion Petition   |       |       |       |       |       |     1 ||     1
Evoke: Wand              |       |       |     2 |       |       |       ||     2
  Use: Scroll            |     2 |     5 |     7 |     6 |     7 |     3 ||    30
       Potion            |       |       |     4 |       |     2 |     1 ||     7
 Stab: Sleeping          |     8 |     7 |     1 |       |     2 |     2 ||    20
       Distracted        |       |       |       |     5 |     5 |     1 ||    11
Armor: Skin              |    12 |     9 |    23 |   114 |   311 |   180 ||   649
Dodge: Dodged            |    67 |    79 |   288 |   296 |   735 |   404 ||  1869
Block: Kite shield       |       |       |       |       |       |    42 ||    42

Table legend: (Time is in decaauts)
 A = Elapsed time spent in this place.
 B = Non-inter-level travel time spent in this place.
 C = Inter-level travel time spent in this place.
 D = Time resting spent in this place.
 E = Time spent auto-exploring this place.
 F = Levels seen in this place.
 G = Mean time per level.
                   A        B        C        D        E       F      G
               +--------+--------+--------+--------+--------+-----+--------+
         Total |  31770 |  30550 |   1220 |   3260 |  21106 |  26 | 1221.9 |
       Dungeon |  20161 |  19417 |    744 |   1706 |  14129 |  15 | 1344.1 |
        Temple |     25 |     25 |      0 |      0 |     10 |   1 |   25.0 |
          Lair |   7918 |   7649 |    269 |    763 |   5291 |   5 | 1583.6 |
        Shoals |    739 |    739 |      0 |    320 |    162 |   1 |  739.0 |
  Orcish Mines |   2355 |   2149 |    206 |    391 |   1271 |   2 | 1177.5 |
   Elven Halls |    141 |    141 |      0 |     78 |      0 |   1 |  141.0 |
       Ossuary |    428 |    428 |      0 |      0 |    241 |   1 |  428.0 |
               +--------+--------+--------+--------+--------+-----+--------+

Top non-repeatable levels by time:
  Lair:5: 2353 daAuts
    D:15: 1968 daAuts
     D:6: 1942 daAuts
   Orc:2: 1652 daAuts
    D:12: 1624 daAuts
    D:10: 1596 daAuts
  Lair:3: 1530 daAuts
    D:14: 1525 daAuts
  Lair:1: 1470 daAuts
     D:9: 1433 daAuts
  Lair:2: 1303 daAuts
  Lair:4: 1260 daAuts
     D:8: 1253 daAuts
    D:13: 1245 daAuts
     D:1: 1194 daAuts
